 Dungeon Crawl Stone Soup version 0.22-a0-268-g1cc83efe17 (webtiles) character file.

934 RedPan the Insei (level 7, -5/56 HPs)
             Began as a Demonspawn Monk on Mar 9, 2018.
             Was a Believer of Cheibriados.
             Killed by nerve-wracking pain
             ... invoked by an orc priest
              (14 damage)
             ... on level 6 of the Dungeon.
             The game lasted 00:09:46 (5456 turns).

RedPan the Insei (Demonspawn Monk)                  Turns: 5456, Time: 00:09:47

Health: -5/56      AC:  9    Str: 17    XL:     7   Next: 86%
Magic:  7/7        EV: 12    Int: 16    God:    Cheibriados [**....]
Gold:   412        SH:  0    Dex: 19    Spells: 6/6 levels left

rFire    . . .     SeeInvis +     - Unarmed
rCold    . . .     Gourm    .   (no shield)
rNeg     . . .     Faith    .   f - +1 scale mail
rPois    .         Spirit   .   (no helmet)
rElec    .         Reflect  .   (no cloak)
rCorr    .         Harm     .   (no gloves)
MR       .....                  (no boots)
Stlth    ++........             (no amulet)
HPRegen  0.18/turn              d - ring of see invisible
MPRegen  0.10/turn              r - ring of stealth

@: very slow
A: claws 1, yellow scales 1, powered by death 1, spiny 1
a: Bend Time, Renounce Religion


You were on level 6 of the Dungeon.
You worshipped Cheibriados.
Cheibriados was pleased with you.
You were not hungry.

You visited 2 branches of the dungeon, and saw 7 of its levels.

You collected 412 gold pieces.

Inventory:

Armour
 f - a +1 scale mail (worn)
Magical Staves
 e - an uncursed staff of wizardry
Jewellery
 d - a ring of see invisible (left claw)
 r - a ring of stealth (right claw)
Wands
 p - a wand of digging (11)
 q - a wand of acid (10)
Scrolls
 c - 2 scrolls of remove curse
 g - a scroll of fear
 i - 4 scrolls of identify
 m - a scroll of random uselessness
 n - 3 scrolls of teleportation
Potions
 a - 2 potions of might
 h - a potion of brilliance
 j - a potion of curing
 k - a potion of cancellation
 l - a potion of resistance
 o - 4 potions of lignification
Comestibles
 b - 10 rations


   Skills:
 + Level 5.3 Fighting
 + Level 4.8 Dodging
 - Level 1.7 Stealth
 * Level 6.4 Unarmed Combat
 + Level 1.1 Invocations


You had 6 spell levels left.
You didn't know any spells.

Dungeon Overview and Level Annotations

Branches:
Dungeon (6/15)             Temple (1/1) D:5

Altars:
Ashenzari
Cheibriados
Dithmenos
Elyvilon
Gozag
Hepliaklqana
Kikubaaqudgha
Makhleb
Okawaru
Qazlal
Ru
Sif Muna
Trog
Uskayaw
Vehumet
Wu Jian
Xom
Yredelemnul
Zin
The Shining One


Innate Abilities, Weirdness & Mutations

You have sharp fingernails.
You are partially covered in yellow scales. (AC +2)
You regenerate a little health from kills.
You are partially covered in sharp spines.


Message History

You closely miss the orc priest.
The orc priest is lightly wounded.
The orc priest is struck by your spines.
The orc priest hits you but does no damage.
You closely miss the orc priest.
The orc priest is heavily wounded.
The orc priest calls down the wrath of Beogh upon you.
Beogh smites you!
* * * LOW HITPOINT WARNING * * *
You scratch the orc priest but do no damage.
The orc priest is heavily wounded.
The orc priest begins to cast a cantrip, but forgets the words!
You closely miss the orc priest.
The orc priest is heavily wounded.
The orc priest closely misses you.
Your scale mail prevents you from hitting the orc priest.
The orc priest is heavily wounded.
The orc priest mumbles some strange prayers to Beogh against you.
Pain shoots through your body!
You die...

#..# #.># ..# ... .....
... .... #...# #.#
##?... #...# #.# ......
#...# #.##o..... #.>.#
#.#..... .
#...######@#..#....
#..........o.......
######....##.#..#.......
................#....##.
................#.......
..[.............#....##.
######....##.#..#....#
#................
#...######.#.##.##


You could see an orc priest.

Vanquished Creatures
  An ogre (D:5)
  An ice beast (D:4)
  A phantom (D:6)
  A scorpion (D:4)
  A crimson imp (D:5)
  A howler monkey (D:5)
  4 orc priests
  A hound (D:4)
  A gnoll shaman (D:4)
  A bullfrog skeleton (D:4)
  A worker ant (D:4)
  Natasha (thrice) (D:4)
  An orc wizard (D:4)
  7 gnolls
  9 adders
  A shadow imp (D:6)
  An adder skeleton (D:4)
  4 leopard geckos
  8 orcs
  5 bats
  4 giant cockroaches
  4 goblins
  3 hobgoblins (D:1)
  3 jackals (D:4)
  A quokka (D:6)
  4 frilled lizards
  2 kobolds
  A leopard gecko skeleton (D:5)
  A quokka skeleton (D:2)
  8 rats
84 creatures vanquished.

Notes
Turn   | Place    | Note
-------+----------+-------------------------------------------
     0 | D:1      | RedPan the Demonspawn Monk began the quest for the Orb.
     0 | D:1      | Reached XP level 1. HP: 18/18 MP: 1/1
   321 | D:1      | Reached skill level 3 in Unarmed Combat
   325 | D:1      | Gained mutation: You have sharp fingernails. [demonic ancestry]
   325 | D:1      | Reached XP level 2. HP: 23/24 MP: 2/2
   831 | D:2      | Gained mutation: You are partially covered in sharp spines. [demonic ancestry]
   831 | D:2      | Reached XP level 3. HP: 28/29 MP: 3/3
  1989 | D:3      | Gained mutation: You are partially covered in yellow scales. (AC +2) [demonic ancestry]
  1989 | D:3      | Reached XP level 4. HP: 35/35 MP: 4/4
  2127 | D:3      | Reached skill level 4 in Unarmed Combat
  2132 | D:3      | Reached XP level 5. HP: 14/42 MP: 5/5
  2727 | D:3      | Found a hide-covered altar of Uskayaw.
  2730 | D:3      | Noticed a dagger
  2731 | D:3      | Noticed a hand axe
  3098 | D:4      | Reached XP level 6. HP: 30/48 MP: 6/6
  3384 | D:4      | Reached skill level 5 in Unarmed Combat
  3775 | D:4      | Noticed Natasha
  3781 | D:4      | Killed Natasha
  3901 | D:4      | Noticed Natasha
  3905 | D:4      | Killed Natasha
  3905 | D:4      | Gained mutation: You regenerate a little health from kills. [demonic ancestry]
  3905 | D:4      | Reached XP level 7. HP: 55/55 MP: 7/7
  4157 | D:4      | Found a sacrificial altar of Ru.
  4223 | D:4      | Found a shimmering altar of Xom.
  4224 | D:4      | Found a bloodstained altar of Trog.
  4339 | D:4      | Noticed Natasha
  4342 | D:4      | Killed Natasha
  4486 | D:5      | Entered Level 5 of the Dungeon
  4541 | D:5      | Found a radiant altar of Vehumet.
  4541 | D:5      | Found an ancient bone altar of Kikubaaqudgha.
  4542 | D:5      | Found a deep blue altar of Sif Muna.
  4548 | D:5      | Identified Sif Muna's Grimoire of Good Luck
  4713 | D:5      | Reached skill level 5 in Fighting
  4713 | D:5      | Reached skill level 6 in Unarmed Combat
  4853 | D:5      | Found a staircase to the Ecumenical Temple.
  4904 | Temple   | Entered the Ecumenical Temple
  5098 | Temple   | Became a worshipper of Cheibriados the Contemplative
  5098 | Temple   | Reached * piety under Cheibriados
  5098 | Temple   | Reached ** piety under Cheibriados
  5414 | D:6      | Reached skill level 1 in Invocations
  5456 | D:6      | Killed from afar by an orc priest

Vault maps used:
D:1:      minmay_arrival_four_circles, minmay_surrounded
D:2:      first_ration
D:3:      cheibrodos_pilgrimage, dancing_weapons_uskayaw
D:4:      minitemple, uniq_natasha
D:5:      grunt_temple_overflow_magic_moments, temple_pool_b
Temple:   nicolae_temple_figure_eight

Skill      XL: |  1  2  3  4  5  6  7 |
---------------+----------------------+-----
Unarmed Combat | 3 4 5 6 |  6.4
Dodging        | 3 4 |  4.8
Fighting       | 4 5 |  5.3
Invocations    | 1 |  1.1
Stealth        | |  1.7

Action                   |  1- 3 |  4- 6 |  7- 9 || total
-------------------------+-------+-------+-------++-------
Melee: Unarmed           |   104 |   115 |    63 ||   282
       Punch             |     3 |     1 |     1 ||     5
  Use: Scroll            |    10 |     7 |     2 ||    19
       Potion            |       |     3 |       ||     3
  Eat: Chunk             |     3 |     5 |     4 ||    12
       Ration            |       |       |     1 ||     1
Armor: Scale mail        |    25 |    35 |    16 ||    76
       Robe              |     4 |       |       ||     4
Dodge: Dodged            |    52 |    50 |    26 ||   128

Table legend:
 A = Spawn XP
 B = Non-spawn XP
 C = Spawn XP percentage of total XP
 D = Spawn monster count
 E = Non-spawn monster count
 F = Spawn count percentage of total count
 G = Total turns spent on level
                    A         B        C        D         E        F      G
               +---------+---------+-------+---------+---------+-------+---------
         Total |       0 |    1335 |   0.0 |       0 |      84 |   0.0 |  5456
               +---------+---------+-------+---------+---------+-------+---------
           D:1 |       0 |      29 |   0.0 |       0 |      20 |   0.0 |   652
           D:2 |       0 |      46 |   0.0 |       0 |       6 |   0.0 |   942
           D:3 |       0 |     134 |   0.0 |       0 |      15 |   0.0 |  1381
           D:4 |       0 |     711 |   0.0 |       0 |      29 |   0.0 |  1511
           D:5 |       0 |     269 |   0.0 |       0 |       8 |   0.0 |   687
           D:6 |       0 |     146 |   0.0 |       0 |       6 |   0.0 |    75
               +---------+---------+-------+---------+---------+-------+---------
